 Dungeon Crawl Stone Soup version 0.32-a0-42-ga30500b4d3 (webtiles) character file.

Game seed: 12565808408839662179

35667 pokeman the Eclecticist (level 13, -13/73 HPs)
             Began as a Deep Elf Hedge Wizard on Jan 28, 2024.
             Was a High Priest of Vehumet.
             Shot with an arrow by a minotaur (22 damage)
             ... in a Gauntlet.
             The game lasted 00:55:28 (13829 turns).

pokeman the Eclecticist (Deep Elf Hedge Wizard)    Turns: 13829, Time: 00:55:29

Health: -13/73     AC: 17    Str: 14    XL:     13   Next: 48%
Magic:  42/57      EV: 18    Int: 29    God:    Vehumet [*****.]
Gold:   2286       SH:  0    Dex: 19    Spells: 36/52 levels left

rFire   . . .        n - +10 sling of the Other Side {drain, Fly rC- rCorr Int+4}
rCold   x . .        (no shield)
rNeg    . . .        N - +2 leather armour "Fottemue" {MP+9 Str+4}
rPois   .            v - +0 helmet "Zifyem" {MP+9 Dex+5}
rElec   .            q - +2 cloak
rCorr   +            J - +0 pair of gloves {Str+3}
SInv    .            E - +1 pair of boots
Will    +....        i - amulet of regeneration
Stlth   ++           M - +4 ring of protection
HPRegen 1.12/turn    F - +5 ring of evasion
MPRegen 0.35/turn

%: no teleportation
@: flying
A: no striking features
a: Renounce Religion


You were in a Gauntlet.
You worshipped Vehumet.
Vehumet was extremely pleased with you.
You visited 3 branches of the dungeon, and saw 17 of its levels.
You also visited: Bailey and Gauntlet.

You collected 2328 gold pieces.
You spent 42 gold pieces at shops.

Inventory:

Hand Weapons
 c - the +5 dagger of the Thieving Asp {drain, Str+4}
   (You found it on level 12 of the Dungeon)

   Str+4:     It affects your strength (+4).
 n - the +10 sling of the Other Side (weapon) {drain, Fly rC- rCorr Int+4}
   (You took it off a hobgoblin on level 2 of the Dungeon)

   Int+4:     It affects your intelligence (+4).
   rC-:       It makes you vulnerable to cold.
   Fly:       It grants you flight.
   rCorr:     It protects you from acid and corrosion.
Missiles
 b - 7 curare-tipped darts
 O - 2 throwing nets
Armour
 p - a +1 robe of cold resistance
 q - a +2 cloak (worn)
 v - the +0 helmet "Zifyem" (worn) {MP+9 Dex+5}
   (You found it in a Gauntlet)

   Dex+5:     It affects your dexterity (+5).
   MP+9:      It affects your magic capacity (+9).
 E - a +1 pair of boots (worn)
 J - a +0 pair of gloves of strength (worn)
 N - the +2 leather armour "Fottemue" (worn) {MP+9 Str+4}
   (You found it on level 7 of the Dungeon)

   Str+4:     It affects your strength (+4).
   MP+9:      It affects your magic capacity (+9).
 R - a +0 leather armour of fire resistance
Magical Staves
 r - a staff of cold
Jewellery
 f - a +6 ring of dexterity
 i - an amulet of regeneration (around neck)
 l - a ring of wizardry
 w - the amulet "Jairoy" {Faith rF+}
   (You found it on level 3 of the Lair of Beasts)

   [amulet of faith]

   Faith:     It allows you to gain divine favour quickly.
   rF+:       It protects you from fire.
 B - a ring of flight
 F - a +5 ring of evasion (right hand)
 M - a +4 ring of protection (left hand)
Wands
 m - a wand of digging (6)
 t - a wand of mindburst (9)
 u - a wand of flame (11)
 x - a wand of paralysis (7)
 y - a wand of roots (3)
Scrolls
 e - a scroll of butterflies
 g - 6 scrolls of teleportation
 k - 2 scrolls of fear
 s - a scroll of poison
 z - a scroll of identify
 U - 3 scrolls of blinking {unknown}
 Y - 2 scrolls of torment {unknown}
Potions
 a - 3 potions of lignification {unknown}
 d - 4 potions of magic
 h - 8 potions of curing
 j - 2 potions of ambrosia {unknown}
 o - 2 potions of attraction {unknown}
 A - a potion of invisibility {unknown}
 C - 3 potions of heal wounds {unknown}
 D - 2 potions of might {unknown}
 G - a potion of resistance {unknown}
 H - a potion of berserk rage {unknown}
 I - 2 potions of brilliance {unknown}
 P - 3 potions of haste {unknown}
 Q - a potion of cancellation {unknown}
 T - 3 potions of mutation {unknown}
 V - a potion of degeneration {unknown}


   Skills:
 + Level 5.5 Fighting
 - Level 5.0 Armour
 - Level 3.1 Dodging
 - Level 3.2 Stealth
 - Level 5.0 Shields
 * Level 20.1 Spellcasting
 + Level 12.2 Conjurations
 - Level 1.1 Summonings
 - Level 1.0 Necromancy
 - Level 1.1 Translocations
 + Level 7.8 Ice Magic
 - Level 1.1 Air Magic
 - Level 1.2 Alchemy
 - Level 1.3 Evocations


You had 36 spell levels left.
You knew the following spells:

 Your Spells              Type           Power      Damage    Failure   Level
a - Magic Dart            Conj           100%       1d8       0%          1
b - Mephitic Cloud        Conj/Alch/Air  55%        N/A       1%          3
c - Call Imp              Summ           70%        N/A       1%          2
d - Blink                 Tloc           70%        N/A       1%          2
e - Hailstorm             Conj/Ice       72%        3d13      1%          3
f - Freezing Cloud        Conj/Ice/Air   31%        6-21      1%          5

Your spell library contained the following spells:

 Spells                   Type           Power      Damage    Failure   Level
 Olgreb's Toxic Radiance  Alch           36%        N/A       2%          4
 Freeze                   Ice            100%       1d10      1%          1
 Slow                     Hex            100%       N/A       1%          1
 Cigotuvi's Dreadful Rot  Necr/Alch/Air  70%        N/A       1%          2
 Ensorcelled Hibernation  Hex/Ice        100%       N/A       1%          2
 Frozen Ramparts          Ice            100%       1d16      1%          3
 Swiftness                Air            36%        N/A       3%          3
 Ignite Poison            Fire/Alch      32%        N/A       3%          4
 Passwall                 Erth           29%        N/A       4%          3
 Alistair's Intoxication  Alch           24%        N/A       26%         5
 Borgnjor's Vile Clutch   Necr/Erth      16%        N/A       36%         5
 Eringya's Noxious Bog    Alch           18%        4d6       36%         6


Dungeon Overview and Level Annotations

Branches:
Dungeon (12/15)            Temple (1/1) D:4            Lair (4/5) D:9
 Shoals (0/4) Lair:3       Spider (0/4) Lair:2          Orc (0/2) D:9
 Bailey (visited)         Gauntlet (1/1)
  Slime: Lair:4-5

Altars:
Ashenzari
Cheibriados
Dithmenos
Elyvilon
Fedhas
Gozag
Hepliaklqana
Kikubaaqudgha
Makhleb
Nemelex Xobeh
Okawaru
Qazlal
Ru
Sif Muna
Trog
Uskayaw
Vehumet
Wu Jian
Xom
Yredelemnul
Zin
The Shining One

Shops:
D:1 [   D:3 (   D:6 *

Annotations:
D:7 2 transporters, cforsyth's ghost, novice DjEn
D:12 Maurice; Nessos Gauntlet 6 transporters, 1 runed translucent door, exclusion: orange crystal statue


Message History

Aim: a minotaur, wielding a +0 shortbow of freezing, wearing a +1 plate armour of poison resistance and quivering silver javelins (noxious fumes, severely wounded)
The roots erupt in riotous growth!
Roots grab the minotaur.
The grasping roots constrict the minotaur, but do no damage.
The minotaur shoots an arrow.
The arrow hits you!
* * * LOW HITPOINT WARNING * * *
The arrow freezes you.
* * * LOW HITPOINT WARNING * * *
Unknown command.
Unknown command.
Casting: Mephitic Cloud (safe; 1% risk of failure)
Confirm with . or Enter, or press ? or * to list all spells.
Casting: Hailstorm (safe; 1% risk of failure)
Press: ? - help, Dir - look around, f - activate A cannonade of hail descends around you!
The hail pelts the minotaur!
The minotaur is severely wounded.
The grasping roots constrict the minotaur.
The minotaur shoots an arrow.
The arrow completely misses you.
Unknown command.
Casting: Hailstorm (safe; 1% risk of failure)
Confirm with . or Enter, or press ? or * to list all spells.
Casting: Hailstorm (safe; 1% risk of failure)
Press: ? - help, Dir - look around, f - activate A cannonade of hail descends around you!
The hail pelts the minotaur!
The minotaur is almost dead.
The grasping roots constrict the minotaur, but do no damage.
The roots release their grip on the minotaur.
The minotaur shoots an arrow.
The arrow closely misses you.
Unknown command.
Casting: Hailstorm (safe; 1% risk of failure)
Confirm with . or Enter, or press ? or * to list all spells.
Casting: Hailstorm (safe; 1% risk of failure)
Press: ? - help, Dir - look around, f - activate A cannonade of hail descends around you!
The hail pelts the minotaur.
The minotaur is almost dead.
The minotaur shoots an arrow.
The arrow hits you!!
You die...

##≈###≈###≈ #≈≈≈#≈≈≈#≈≈
#≈........
#######.#######
#...##≈.#...h.h
########.8.#≈≈.#$.8.##
#..........##≈.#...p##
##.##.###.8.###.#©###©.
#8....@.....##..#.###..
#.....#.#.8.#...#h###.#
#######.#.#...#.∩.#h.....
/8[8.8#H..#.©.#...#######
.H....○5###...#.8.....#..
:8[8.8#...#.©.#...#######
#######.#.#...#.∩.#Y+..^#
#.....#.#.8.#...#.###.#
#8..........##..#...#^.


You could see a minotaur and a friendly cerulean imp (summoned).

Vanquished Creatures
  An orc warlord (Bailey)
  Fannar (Lair:2)
  Harold (D:9)
  A hydra (Lair:2)
  5 two-headed ogres
  5 death yaks
  Sonja (D:11)
  A sixfirhy (Gauntlet)
  2 orc knights (Bailey)
  An ugly thing (D:12)
  15 elephants
  2 black mambas
  A smoke demon (Gauntlet)
  A merfolk siren (Lair:3)
  7 cane toads
  An unseen horror (D:10)
  4 kobold demonologists
  9 komodo dragons
  3 trolls
  3 merfolk (Lair:3)
  2 hornets
  A polar bear (Lair:2)
  Prince Ribbit (D:8)
  5 blink frogs (Lair:2)
  A culicivora (Lair:2)
  Sigmund (D:3)
  4 jumping spiders (Lair:2)
  2 wyverns (Lair:2)
  A wraith (D:9)
  A basilisk (Lair:1)
  8 yaks
  3 vampire mosquitoes (D:11)
  A fire elemental (Lair:3)
  3 steam dragons
  5 water moccasins
  14 orc warriors
  An ice beast (D:7)
  2 sky beasts (D:8)
  2 black bears (D:6)
  4 wolves (Lair:4)
  6 centaurs
  A phantom (D:5)
  Blork the orc (D:5)
  7 kobold brigands
  14 bullfrogs
  3 scorpions
  3 wights (D:7)
  3 killer bees (D:9)
  An electric eel (Lair:3)
  6 howler monkeys
  A lava snake (Lair:3)
  3 crimson imps (Gauntlet)
  A jelly (D:4)
  2 orc priests
  A gnoll bouda (D:8)
  A hound (D:6)
  Ijyb (D:3)
  6 iguanas
  2 sleepcaps
  16 orc wizards
  14 gnolls
  5 adders
  A white imp (D:5)
  2 ufetubi (Gauntlet)
  A ribbon worm (D:3)
  A dart slug (D:2)
  57 orcs
  4 bats
  7 endoplasms
  2 giant cockroaches
  24 goblins
  16 hobgoblins
  9 jackals
  A quokka (D:4)
  11 ball pythons
  2 frilled lizards
  28 kobolds
  2 rats
393 creatures vanquished.

Vanquished Creatures (collateral kills)
  A killer bee (D:9)
  A kobold (D:7)
2 creatures vanquished.

Vanquished Creatures (others)
  A kobold (D:7)
1 creature vanquished.

Grand Total: 396 creatures vanquished

Notes
Turn   | Place    | Note
-------+----------+-------------------------------------------
     0 | D:1      | pokeman the Deep Elf Hedge Wizard began the quest for the
                  | Orb.
     0 | D:1      | Reached XP level 1. HP: 10/10 MP: 7/7
   256 | D:1      | Found Soyskon's Antique Armour Boutique.
   303 | D:1      | Reached XP level 2. HP: 11/15 MP: 4/9
   796 | D:1      | Reached skill level 5 in Spellcasting
  1156 | D:2      | Reached XP level 3. HP: 20/20 MP: 8/11
  1160 | D:2      | Learned a level 3 spell: Mephitic Cloud
  1163 | D:2      | Learned a level 2 spell: Call Imp
  1166 | D:2      | Learned a level 2 spell: Blink
  1372 | D:2      | Identified the +10 sling of the Other Side {drain, Fly rC-
                  | rCorr Int+4}
  1639 | D:2      | Reached skill level 1 in Fighting
  1719 | D:2      | Found an ornate altar of the Wu Jian Council.
  1834 | D:3      | Reached skill level 1 in Armour
  1886 | D:3      | Noticed Ijyb
  1892 | D:3      | Killed Ijyb
  1893 | D:3      | Reached XP level 4. HP: 25/25 MP: 5/13
  2006 | D:3      | Noticed Sigmund
  2007 | D:3      | You are sucked into a shaft and drop 1 floor!
  2045 | D:3      | Noticed a scorpion
  2053 | D:3      | Killed a scorpion
  2054 | D:3      | Reached skill level 6 in Spellcasting
  2054 | D:3      | Reached XP level 5. HP: 29/29 MP: 7/15
  2195 | D:3      | Killed Sigmund
  2196 | D:3      | Reached skill level 1 in Air Magic
  2196 | D:3      | Reached skill level 1 in Alchemy
  2196 | D:3      | Reached skill level 1 in Evocations
  2196 | D:3      | Reached XP level 6. HP: 34/34 MP: 12/17
  2234 | D:3      | Found a faded altar of an unknown god.
  2330 | D:3      | Found Yhihukhla's Antique Weapon Emporium.
  2705 | D:4      | Found a shimmering blue altar of Sif Muna.
  2709 | D:4      | Reached skill level 7 in Spellcasting
  2739 | D:4      | Found a stormy altar of Qazlal.
  2843 | D:4      | Found an iron altar of Okawaru.
  2869 | D:4      | Found a staircase to the Ecumenical Temple.
  2880 | Temple   | Entered the Ecumenical Temple
  2889 | Temple   | Became a worshipper of Vehumet
  3059 | D:4      | Reached XP level 7. HP: 28/39 MP: 20/20
  3146 | D:5      | Entered Level 5 of the Dungeon
  3209 | D:5      | Reached skill level 8 in Spellcasting
  3280 | D:5      | Found a glowing golden altar of the Shining One.
  3280 | D:5      | Found an ancient bone altar of Kikubaaqudgha.
  3280 | D:5      | Found a broken altar of Ashenzari.
  3280 | D:5      | Found a sacrificial altar of Ru.
  3297 | D:5      | Found a shimmering altar of Xom.
  3302 | D:5      | Found a hazy altar of Hepliaklqana.
  3371 | D:5      | Reached * piety under Vehumet
  3371 | D:5      | Offered knowledge of Sandblast by Vehumet.
  3418 | D:5      | Found a bloodstained altar of Trog.
  3424 | D:5      | Reached skill level 9 in Spellcasting
  3540 | D:5      | Noticed Blork the orc
  3545 | D:5      | Killed Blork the orc
  3546 | D:5      | Reached XP level 8. HP: 44/44 MP: 23/23
  3758 | D:6      | Reached skill level 5 in Conjurations
  3874 | D:6      | Found Mifoke's General Store.
  3884 | D:6      | Bought a potion of curing for 42 gold pieces
  3909 | D:6      | Reached skill level 10 in Spellcasting
  4034 | D:6      | Found a burning altar of Makhleb.
  4310 | D:7      | Identified the +0 leather armour "Foto" {Rampage}
  4325 | D:7      | Offered knowledge of Shock by Vehumet.
  4355 | D:7      | Found a transporter.
  4363 | D:7      | Found a transporter.
  4379 | D:7      | Reached skill level 11 in Spellcasting
  4387 | D:7      | Reached ** piety under Vehumet
  4387 | D:7      | Noticed cforsyth's ghost (novice DjEn)
  4411 | D:7      | Identified the +2 leather armour "Fottemue" {MP+9 Str+4}
  4603 | D:7      | Reached XP level 9. HP: 50/50 MP: 26/26
  4639 | D:7      | Offered knowledge of Momentum Strike by Vehumet.
  4689 | D:7      | Found an opulent altar of Gozag.
  5014 | D:7      | Reached skill level 12 in Spellcasting
  5163 | D:8      | Noticed Prince Ribbit
  5175 | D:8      | Killed Prince Ribbit
  5247 | D:8      | Reached skill level 13 in Spellcasting
  5545 | D:8      | Found a basalt altar of Yredelemnul.
  6052 | D:9      | Reached *** piety under Vehumet
  6076 | D:9      | Reached XP level 10. HP: 56/56 MP: 29/29
  6234 | D:9      | Noticed Harold
  6247 | D:9      | Killed Harold
  6248 | D:9      | Reached skill level 14 in Spellcasting
  6260 | D:9      | Offered knowledge of Inner Flame by Vehumet.
  6286 | D:9      | Found a staircase to the Lair.
  6483 | D:9      | Found a staircase to the Orcish Mines.
  6621 | D:9      | Found a shadowy altar of Dithmenos.
  6716 | D:10     | Entered Level 10 of the Dungeon
  6850 | D:10     | Found a flagged portal.
  6865 | Bailey   | Entered a bailey
  7033 | Bailey   | Noticed an orc knight
  7045 | Bailey   | Reached **** piety under Vehumet
  7060 | Bailey   | Killed an orc knight
  7061 | Bailey   | Reached skill level 15 in Spellcasting
  7066 | Bailey   | Offered knowledge of Brom's Barrelling Boulder by Vehumet.
  7164 | Bailey   | Reached skill level 5 in Fighting
  7175 | Bailey   | Noticed an orc warlord
  7371 | Bailey   | Killed an orc warlord
  7372 | Bailey   | Reached XP level 11. HP: 63/63 MP: 32/32
  7440 | Bailey   | Noticed an orc knight
  7459 | Bailey   | Killed an orc knight
  7460 | Bailey   | Reached skill level 16 in Spellcasting
  7548 | Bailey   | Learned a level 3 spell: Hailstorm
  7779 | D:10     | Noticed a two-headed ogre
  7786 | D:10     | Killed a two-headed ogre
  7787 | D:10     | Reached skill level 1 in Necromancy
  8013 | D:10     | Reached skill level 1 in Ice Magic
  8073 | D:10     | Found an ornate altar of the Wu Jian Council.
  8273 | D:11     | Noticed Sonja
  8278 | D:11     | Killed Sonja
  8324 | D:11     | Reached ***** piety under Vehumet
  8332 | D:11     | Offered knowledge of Conjure Ball Lightning by Vehumet.
  8439 | D:11     | Reached skill level 5 in Armour
  8500 | D:11     | Noticed a two-headed ogre
  8500 | D:11     | Noticed a two-headed ogre
  8508 | D:11     | Killed a two-headed ogre
  8509 | D:11     | Reached skill level 10 in Conjurations
  8524 | D:11     | Killed a two-headed ogre
  8525 | D:11     | Reached skill level 1 in Shields
  8601 | D:11     | Reached skill level 17 in Spellcasting
  8688 | D:11     | Noticed a two-headed ogre
  8695 | D:11     | Killed a two-headed ogre
  9222 | D:12     | Identified a scroll of acquirement
  9381 | Temple   | Acquired 1332 gold pieces
  9685 | D:12     | Noticed a green ugly thing
  9704 | D:12     | Killed a green ugly thing
  9775 | D:12     | Identified the +5 dagger of the Thieving Asp {drain, Str+4}
  9820 | D:12     | Noticed a two-headed ogre
  9822 | D:12     | Noticed a two-headed ogre
  9822 | D:12     | Noticed Nessos
  9826 | D:12     | Killed a two-headed ogre
  9826 | D:12     | Noticed Maurice
  9826 | D:12     | Noticed a green ugly thing
  9845 | D:12     | Noticed a boulder beetle
  9966 | Lair:1   | Entered Level 1 of the Lair of Beasts
 10059 | Lair:1   | Reached XP level 12. HP: 68/68 MP: 35/35
 10772 | Lair:2   | Noticed a seven-headed hydra
 10800 | Lair:2   | Killed a seven-headed hydra
 10881 | Lair:2   | Reached skill level 18 in Spellcasting
 10893 | Lair:2   | Reached skill level 5 in Ice Magic
 10893 | Lair:2   | Noticed a death yak
 11286 | Lair:2   | Found a hole to the Spider Nest.
 11531 | Lair:2   | Noticed Fannar
 11625 | Lair:2   | Killed Fannar
 11723 | Lair:2   | Reached skill level 19 in Spellcasting
 11807 | Lair:2   | Noticed a death yak
 11808 | Lair:2   | Noticed a death yak
 11809 | Lair:2   | Noticed a death yak
 11809 | Lair:2   | Noticed a death yak
 11890 | Lair:1   | Killed a death yak
 12112 | Lair:2   | Killed a death yak
 12116 | Lair:2   | Killed a death yak
 12120 | Lair:2   | Killed a death yak
 12121 | Lair:2   | Reached XP level 13. HP: 51/72 MP: 38/38
 12354 | Lair:3   | Learned a level 5 spell: Freezing Cloud
 12494 | Lair:3   | Found a staircase to the Shoals.
 12814 | Lair:3   | Identified the amulet "Jairoy" {Faith rF+}
 13186 | Lair:4   | Reached skill level 5 in Shields
 13343 | Lair:4   | Offered knowledge of Olgreb's Toxic Radiance by Vehumet.
 13344 | Lair:4   | Reached skill level 20 in Spellcasting
 13432 | Lair:4   | Found a gate leading to a gauntlet.
 13445 | Gauntlet | Entered a Gauntlet
 13445 | Gauntlet | Found a transporter.
 13445 | Gauntlet | Found a transporter.
 13453 | Gauntlet | Found a transporter.
 13457 | Gauntlet | Found a transporter.
 13472 | Gauntlet | Found a transporter.
 13473 | Gauntlet | Found a transporter.
 13475 | Gauntlet | Noticed a dire elephant
 13489 | Gauntlet | Found a transporter.
 13494 | Gauntlet | Found a runed translucent door.
 13501 | Gauntlet | Found a transporter.
 13515 | Gauntlet | Found a transporter.
 13519 | Gauntlet | Found a transporter.
 13532 | Gauntlet | Found a transporter.
 13536 | Gauntlet | Found a transporter.
 13576 | Gauntlet | Identified the +0 helmet "Zifyem" {MP+9 Dex+5}
 13813 | Gauntlet | Noticed a minotaur
 13829 | Gauntlet | Shot with an arrow by a minotaur

Illustrated notes

Levels and vault maps discovered:
D:1:      saegor_arrival_fortress, layout_basic, serial_shops,
          nicolae_shop_tiny_real_fake_doors
D:2:      layout_rooms, basic_altar, kennysheep_generic_room_16
D:3:      layout_rooms, serial_shops, shop, basic_ecumenical_altar,
          small_statue_intersection, uniq_sigmund, uniq_ijyb
D:4:      minmay_razor_zed, layout_rooms, mainiacjoe_overflow_tiny_flanked,
          nicolae_qazlal_scattered_showers, old_standard_altar,
          minmay_temple_entry_trees
D:5:      layout_rooms, minmay_overflow_temple_hex, trog_book,
          uniq_blork_the_orc
D:6:      layout_rooms, mainiacjoe_overflow_alcove_2, serial_shops, shop,
          serial_corexii_hall, chequers_hall_statues_corner_a,
          corexii_hall_statues_x, billiards_dpeg
D:7:      layout_cave_pods, overflow_temple_1_default,
          gammafunk_ghost_stat_death
D:8:      layout_basic, general_overflow_altar, uniq_prince_ribbit1
D:9:      layout_loops_cross, nicolae_dithmenos_through_a_glass_darkly,
          dpeg_oklobed_lair, orc_0_dummy, uniq_harold
D:10:     layout_irregular_city, pdpol_wu_jian_five_deadly_venoms,
          enter_bailey_4
D:11:     layout_basic, uniq_sonja
D:12:     layout_basic, serial_shops, shop, nicolae_twisty_statue_hallways,
          uniq_nessos, uniq_maurice
Temple:   nicolae_temple_superstar
Lair:1:   layout_small_grid
Lair:2:   layout_gridlike, nicolae_spider_entry_tight_spaces,
          minmay_stone_trees_large, nicolae_quartered_pool_impasse, st_stairs_8,
          uniq_fannar
Lair:3:   statuecave_lemuel, layout_gridlike, elwin_shoals_entry_stream
Lair:4:   layout_regular_city, gauntlet_entry_generic
Gauntlet: minmay_gauntlet_77_indecision
          [minmay_gauntlet_arena_77_radiant_squares,
          minmay_gauntlet_arena_77_hold_the_fort, minmay_gauntlet_arena_77_box,
          minmay_gauntlet_arena_77_broken_ladder, minmay_gauntlet_arena_77_path,
          minmay_gauntlet_arena_77_block_sizes,
          nicolae_gauntlet_exit_dead_adventurers]

Skill      XL: |  1  2  3  4  5  6  7  8  9 10 11 12 13 |
---------------+----------------------------------------+-----
Spellcasting   | 5 6 7 9 11 13 15 17 19 20 | 20.1
Fighting       | 1 2 3 5 |  5.5
Armour         | 1 2 4 5 |  5.0
Conjurations   | 2 3 4 6 7 9 10 11 12 | 12.2
Dodging        | 3 |  3.1
Stealth        | 3 |  3.2
Air Magic      | 1 |  1.1
Alchemy        | 1 |  1.2
Evocations     | 1 |  1.3
Necromancy     | 1 |  1.0
Ice Magic      | 4 6 7 |  7.8
Shields        | 2 4 5 |  5.0
Summonings     | |  1.1
Translocations | |  1.1

Action                     |  1- 3 |  4- 6 |  7- 9 | 10-12 | 13-15 || total
---------------------------+-------+-------+-------+-------+-------++-------
  Melee: Dagger            |    24 |       |       |       |       ||    24
         Punch             |     1 |       |       |       |       ||     1
   Fire: Sling             |    20 |    72 |   264 |   455 |    40 ||   851
   Cast: Magic Dart        |    61 |     6 |    18 |    14 |       ||    99
         Mephitic Cloud    |     2 |     6 |    16 |    80 |     3 ||   107
         Call Imp          |       |       |     4 |    13 |     2 ||    19
         Blink             |       |       |     2 |    21 |     3 ||    26
         Hailstorm         |       |       |       |    86 |    13 ||    99
         Freezing Cloud    |       |       |       |       |    35 ||    35
  Evoke: Wand              |       |       |       |    23 |     4 ||    27
    Use: Scroll            |       |       |       |    12 |     1 ||    13
 Armour: Robe              |    20 |    19 |    21 |       |       ||    60
         Leather armour    |       |       |    42 |   155 |    41 ||   238
  Dodge: Dodged            |    22 |    18 |   107 |   190 |    21 ||   358

Table legend: (Time is in decaauts)
 A = Elapsed time spent in this place.
 B = Non-inter-level travel time spent in this place.
 C = Inter-level travel time spent in this place.
 D = Time resting spent in this place.
 E = Time spent auto-exploring this place.
 F = Levels seen in this place.
 G = Mean time per level.
                   A        B        C        D        E       F      G
               +--------+--------+--------+--------+--------+-----+--------+
         Total |  14204 |  13474 |    730 |    523 |   9422 |  19 |  747.6 |
       Dungeon |   9434 |   8848 |    586 |    106 |   6990 |  12 |  786.2 |
        Temple |     49 |     30 |     19 |      0 |      0 |   1 |   49.0 |
          Lair |   3557 |   3433 |    124 |    212 |   2233 |   4 |  889.2 |
        Bailey |    776 |    776 |      0 |    161 |    164 |   1 |  776.0 |
      Gauntlet |    386 |    386 |      0 |     44 |     35 |   1 |  386.0 |
               +--------+--------+--------+--------+--------+-----+--------+

Top non-repeatable levels by time:
  Lair:2: 1377 daAuts
     D:1: 1151 daAuts
    D:11: 1072 daAuts
  Lair:3: 967 daAuts
  Lair:1: 936 daAuts
     D:8: 910 daAuts
     D:7: 909 daAuts
    D:10: 876 daAuts
     D:9: 860 daAuts
     D:2: 801 daAuts
  Bailey: 776 daAuts
     D:4: 648 daAuts
     D:6: 622 daAuts
     D:3: 587 daAuts
     D:5: 586 daAuts
